| TOP OF THE 1ST |
|
Milwaukee Brewers batting - Pitching for Los Angeles Dodgers : RHP Josuke Mizuno
|
|
Pitching: RHP Josuke Mizuno
|
|
|
Batting: RHB Jim Smith
|
0-0: Called Strike 0-1: Ball 1-1: Called Strike 1-2: Strikes out looking
|
|
Batting: LHB Luis Herta
|
0-0: Ball 1-0: Ball 2-0: Ball 3-0: Base on Balls
|
|
Batting: RHB Blake Anderson
|
0-0: Fielders Choice at 2nd, 4-6 (Groundball, 4, EV 101.9 MPH)
|
|
Batting: LHB Billy Wood
|
0-0: Called Strike 0-1: Ball 1-1: Called Strike 1-2: Ball 2-2: Foul Ball, location: 2F 2-2: SINGLE (Groundball, 34D, EV 93.8 MPH) Blake Anderson to second
|
|
Batting: RHB Kevin Thompson
|
0-0: Fly out, F9 (Flyball, 9, EV 98.1 MPH)
|
| Top of the 1st over - 0 runs, 1 hit, 0 errors, 2 left on base; Milwaukee 0 - Los Angeles 0 |
| BOTTOM OF THE 1ST |
|
Los Angeles Dodgers batting - Pitching for Milwaukee Brewers : RHP Leonardo Miranda
|
|
Pitching: RHP Leonardo Miranda
|
|
|
Batting: LHB Todd McDonald
|
0-0: Ball 1-0: Swinging Strike 1-1: Swinging Strike 1-2: Ball 2-2: Strikes out swinging
|
|
Batting: RHB Dan Fletcher
|
0-0: Ball 1-0: Foul Ball, location: 7LDF 1-1: Ball 2-1: Swinging Strike 2-2: Ball 3-2: SOLO HOME RUN (Flyball, 7D, EV 96.9 MPH), Distance : 373 ft
|
|
Batting: LHB Juan Mendoza
|
0-0: Swinging Strike 0-1: Swinging Strike 0-2: Ball 1-2: Strikes out swinging
|
|
Batting: SHB José Rodríguez
|
0-0: Foul Ball, location: 9LMF 0-1: SINGLE (Line Drive, 6MD, EV 101.3 MPH)
|
|
Batting: RHB Nick Castellanos
|
0-0: Ball 1-0: Ball 2-0: Called Strike 2-1: Foul Ball, location: 2F 2-2: Strikes out looking
|
| Bottom of the 1st over - 1 run, 2 hits, 0 errors, 1 left on base; Milwaukee 0 - Los Angeles 1 |
| TOP OF THE 2ND |
|
Milwaukee Brewers batting - Pitching for Los Angeles Dodgers : RHP Josuke Mizuno
|
|
Batting: RHB Steve Sanders
|
0-0: Ball 1-0: Foul Ball, location: 9LDF 1-1: Ball 2-1: Foul Ball, location: 2RF 2-2: Ground out 5-3 (Groundball, 5S, EV 82.5 MPH)
|
|
Batting: RHB Tim Campbell
|
0-0: Ball 1-0: SINGLE (Groundball, 56D, EV 105.0 MPH)
|
|
Batting: RHB Dave Thomas
|
0-0: Foul Ball, location: 2F 0-1: Ball 1-1: Grounds into double play, 5-4-3 (Groundball, 56, EV 88.1 MPH)
|
| Top of the 2nd over - 0 runs, 1 hit, 0 errors, 0 left on base; Milwaukee 0 - Los Angeles 1 |
| BOTTOM OF THE 2ND |
|
Los Angeles Dodgers batting - Pitching for Milwaukee Brewers : RHP Leonardo Miranda
|
|
Batting: SHB Jose Herrera
|
0-0: SINGLE (Flyball, 56D, EV 87.5 MPH)
|
|
Batting: RHB Yasiel Puig
|
0-0: Ball 1-0: Ground out 4-3 (Groundball, 4D, EV 101.9 MPH) Jose Herrera to second
|
|
Batting: SHB Sergio Alcantara
|
0-0: Called Strike 0-1: Ball 1-1: SINGLE (Line Drive, 4MD, EV 103.8 MPH) Jose Herrera to third Runner from 3rd tries for Home, throw by CF and OUT! 8-2
|
|
Batting: RHB Josh Moore
|
0-0: Called Strike 0-1: Fielders Choice at 2nd, 5-4 (Groundball, 56, EV 88.8 MPH)
|
| Bottom of the 2nd over - 0 runs, 2 hits, 0 errors, 1 left on base; Milwaukee 0 - Los Angeles 1 |
| TOP OF THE 3RD |
|
Milwaukee Brewers batting - Pitching for Los Angeles Dodgers : RHP Josuke Mizuno
|
|
Batting: RHB Christian Arroyo
|
0-0: Called Strike 0-1: Called Strike 0-2: Ball 1-2: DOUBLE (Line Drive, 7LM, EV 105.6 MPH)
|
|
Batting: RHB Jim Smith
|
0-0: Called Strike 0-1: Ball 1-1: Swinging Strike 1-2: Ball 2-2: Strikes out swinging
|
|
Batting: LHB Luis Herta
|
0-0: Swinging Strike 0-1: Ball 1-1: Swinging Strike 1-2: Ball 2-2: Ball 3-2: Strikes out looking
|
|
Batting: RHB Blake Anderson
|
0-0: Ball 1-0: Called Strike 1-1: Swinging Strike 1-2: Ball 2-2: Strikes out swinging, 2-3 out at first.
|
| Top of the 3rd over - 0 runs, 1 hit, 0 errors, 1 left on base; Milwaukee 0 - Los Angeles 1 |
| BOTTOM OF THE 3RD |
|
Los Angeles Dodgers batting - Pitching for Milwaukee Brewers : RHP Leonardo Miranda
|
|
Batting: LHB Todd McDonald
|
0-0: Ball 1-0: Called Strike 1-1: Foul Ball, location: 2F 1-2: Strikes out swinging
|
|
Batting: RHB Dan Fletcher
|
0-0: SINGLE (Groundball, 4MD, EV 101.9 MPH)
|
|
Batting: LHB Juan Mendoza
|
0-0: Called Strike 0-1: Ball 1-1: Ball 2-1: Foul Ball, location: 2F 2-2: SINGLE (Line Drive, 9S, EV 92.5 MPH) Dan Fletcher to second
|
|
Batting: SHB José Rodríguez
|
0-0: Ball 1-0: Ball 2-0: SINGLE (Groundball, 6D, EV 94.4 MPH) Dan Fletcher to third Juan Mendoza to second Runner from 3rd tries for Home, SAFE, throw by CF to home
|
|
Batting: RHB Nick Castellanos
|
0-0: Ball 1-0: Foul Ball, location: 2F 1-1: Foul Ball, location: 2F 1-2: Foul Ball, location: 2F 1-2: Ball 2-2: Strikes out swinging
|
|
Batting: SHB Jose Herrera
|
0-0: Foul Ball, location: 2F 0-1: Ball 1-1: Ball 2-1: Fly out, F9 (Flyball, 9D, EV 98.8 MPH)
|
| Bottom of the 3rd over - 1 run, 3 hits, 0 errors, 2 left on base; Milwaukee 0 - Los Angeles 2 |
| TOP OF THE 4TH |
|
Milwaukee Brewers batting - Pitching for Los Angeles Dodgers : RHP Josuke Mizuno
|
|
Batting: LHB Billy Wood
|
0-0: Called Strike 0-1: Fly out, F9 (Line Drive, 9S, EV 100.0 MPH)
|
|
Batting: RHB Kevin Thompson
|
0-0: Ball 1-0: Foul Ball, location: 9LMF 1-1: Foul Ball, location: 2F 1-2: Strikes out swinging
|
|
Batting: RHB Steve Sanders
|
0-0: Fly out, F8 (Line Drive, 8RD, EV 96.3 MPH)
|
| Top of the 4th over - 0 runs, 0 hits, 0 errors, 0 left on base; Milwaukee 0 - Los Angeles 2 |
| BOTTOM OF THE 4TH |
|
Los Angeles Dodgers batting - Pitching for Milwaukee Brewers : RHP Leonardo Miranda
|
|
Batting: RHB Yasiel Puig
|
0-0: Ball 1-0: Swinging Strike 1-1: Ball 2-1: Ball 3-1: Fly out, F9 (Line Drive, 9, EV 94.4 MPH)
|
|
Batting: SHB Sergio Alcantara
|
0-0: Ball 1-0: Called Strike 1-1: Ball 2-1: Ball 3-1: Base on Balls
|
|
Batting: RHB Josh Moore
|
0-0: Grounds into double play, 6-4-3 (Groundball, 6, EV 83.1 MPH)
|
| Bottom of the 4th over - 0 runs, 0 hits, 0 errors, 0 left on base; Milwaukee 0 - Los Angeles 2 |
| TOP OF THE 5TH |
|
Milwaukee Brewers batting - Pitching for Los Angeles Dodgers : RHP Josuke Mizuno
|
|
Batting: RHB Tim Campbell
|
0-0: Ball 1-0: Ball 2-0: Called Strike 2-1: Foul Ball, location: 9LMF 2-2: Strikes out swinging
|
|
Batting: RHB Dave Thomas
|
0-0: Called Strike 0-1: Ball 1-1: Swinging Strike 1-2: DOUBLE (Line Drive, 9LS, EV 109.4 MPH)
|
|
Batting: RHB Christian Arroyo
|
0-0: Ground out 6-3 (Groundball, 6, EV 80.0 MPH) Dave Thomas to third
|
|
Batting: RHB Jim Smith
|
0-0: Ball Wild Pitch! Dave Thomas scores 1-0: Ball 2-0: Called Strike 2-1: Ball 3-1: Called Strike 3-2: Foul Ball, location: 9LDF 3-2: Foul Ball, location: 2F 3-2: Strikes out swinging
|
| Top of the 5th over - 1 run, 1 hit, 0 errors, 0 left on base; Milwaukee 1 - Los Angeles 2 |
| BOTTOM OF THE 5TH |
|
Los Angeles Dodgers batting - Pitching for Milwaukee Brewers : RHP Leonardo Miranda
|
|
Batting: LHB Todd McDonald
|
0-0: Ball 1-0: Called Strike 1-1: Ball 2-1: Swinging Strike 2-2: Foul Ball, location: 7LDF 2-2: Foul Ball, location: 2RF 2-2: Strikes out swinging
|
|
Batting: RHB Dan Fletcher
|
0-0: SINGLE (Line Drive, 8LS, EV 87.5 MPH)
|
|
Batting: LHB Juan Mendoza
|
0-0: Called Strike 0-1: Called Strike 0-2: Ball 1-2: Fly out, F5 (Popup, 56S, EV 83.1 MPH)
|
|
Batting: SHB José Rodríguez
|
0-0: Ball Dan Fletcher is caught stealing 2nd base 2-6
|
| Bottom of the 5th over - 0 runs, 1 hit, 0 errors, 0 left on base; Milwaukee 1 - Los Angeles 2 |
| TOP OF THE 6TH |
|
Milwaukee Brewers batting - Pitching for Los Angeles Dodgers : RHP Josuke Mizuno
|
|
Batting: LHB Luis Herta
|
0-0: DOUBLE (Flyball, 7LM, EV 110.6 MPH)
|
|
Batting: RHB Blake Anderson
|
0-0: Called Strike 0-1: Swinging Strike 0-2: Strikes out swinging
|
|
Batting: LHB Billy Wood
|
0-0: Swinging Strike 0-1: Ball 1-1: Ball 2-1: Swinging Strike 2-2: Foul Ball, location: 5SF 2-2: Strikes out looking
|
|
Batting: RHB Kevin Thompson
|
0-0: Ball 1-0: Swinging Strike 1-1: Ball 2-1: Swinging Strike 2-2: Ball 3-2: Base on Balls
|
|
Batting: RHB Steve Sanders
|
0-0: Ball 1-0: Swinging Strike 1-1: Ball 2-1: Fly out, F8 (Flyball, 8RD, EV 110.6 MPH)
|
| Top of the 6th over - 0 runs, 1 hit, 0 errors, 2 left on base; Milwaukee 1 - Los Angeles 2 |
| BOTTOM OF THE 6TH |
|
Los Angeles Dodgers batting - Pitching for Milwaukee Brewers : RHP Leonardo Miranda
|
|
Batting: SHB José Rodríguez
|
0-0: Ball 1-0: Foul Ball, location: 9LDF 1-1: Called Strike 1-2: Foul Ball, location: 2F 1-2: Foul Ball, location: 2F 1-2: Fly out, F8 (Flyball, 8LM, EV 98.8 MPH)
|
|
Batting: RHB Nick Castellanos
|
0-0: Called Strike 0-1: Fly out, F7 (Line Drive, 7, EV 87.5 MPH)
|
|
Batting: SHB Jose Herrera
|
0-0: Ball 1-0: Ball 2-0: Foul Ball, location: 25F 2-1: Fly out, F9 (Flyball, 89S, EV 86.9 MPH)
|
| Bottom of the 6th over - 0 runs, 0 hits, 0 errors, 0 left on base; Milwaukee 1 - Los Angeles 2 |
| TOP OF THE 7TH |
|
Milwaukee Brewers batting - Pitching for Los Angeles Dodgers : RHP Josuke Mizuno
|
|
Pitching: RHP Jesus Arroyo
|
|
|
Batting: RHB Tim Campbell
|
0-0: Called Strike 0-1: DOUBLE (Flyball, 89XD, EV 100.0 MPH)
|
|
Batting: RHB Dave Thomas
|
0-0: Called Strike 0-1: Ball 1-1: Foul Ball, location: 3F 1-2: Foul Ball, location: 2LF 1-2: Fly out, F9 (Line Drive, 9, EV 87.5 MPH)
|
|
Pinch Hitting: LHB Christian Yelich
|
0-0: Ball 1-0: Ball 2-0: Ball 3-0: Base on Balls
|
|
Batting: RHB Jim Smith
|
0-0: Called Strike Tim Campbell is caught stealing 3rd base 2-5 Christian Yelich to second 0-1: Foul Ball, location: 2RF 0-2: Ground out 4-3 (Groundball, 4, EV 75.0 MPH)
|
| Top of the 7th over - 0 runs, 1 hit, 0 errors, 1 left on base; Milwaukee 1 - Los Angeles 2 |
| BOTTOM OF THE 7TH |
|
Los Angeles Dodgers batting - Pitching for Milwaukee Brewers : RHP Leonardo Miranda
|
|
Pitching: RHP Cody Allen
|
|
|
Now at SS: Isan Diaz
|
|
|
Batting: RHB Yasiel Puig
|
0-0: Called Strike 0-1: Ball 1-1: Swinging Strike 1-2: Ball 2-2: Strikes out swinging
|
|
Batting: SHB Sergio Alcantara
|
0-0: Foul Ball, location: 9LDF 0-1: Foul Ball, location: 5FF 0-2: Foul Ball, location: 7LSF 0-2: Ball 1-2: Ball 2-2: Strikes out looking
|
|
Batting: RHB Josh Moore
|
0-0: Foul Ball, location: 23F 0-1: Called Strike 0-2: Ball 1-2: Ball 2-2: Foul Ball, location: 2F 2-2: Ball 3-2: SINGLE (Flyball, 8LS, EV 87.5 MPH)
|
|
Batting: LHB Todd McDonald
|
0-0: Ground out 4-3 (Groundball, 4, EV 78.8 MPH)
|
| Bottom of the 7th over - 0 runs, 1 hit, 0 errors, 1 left on base; Milwaukee 1 - Los Angeles 2 |
| TOP OF THE 8TH |
|
Milwaukee Brewers batting - Pitching for Los Angeles Dodgers : RHP Jesus Arroyo
|
|
Pitching: RHP Tyler Kolek
|
|
|
Batting: LHB Luis Herta
|
0-0: Called Strike 0-1: Ball 1-1: Ball 2-1: Ball 3-1: Fly out, F9 (Line Drive, 9S, EV 95.0 MPH)
|
|
Batting: RHB Blake Anderson
|
0-0: Foul Ball, location: 7LSFF 0-1: Called Strike 0-2: Ball 1-2: Ball 2-2: Ball 3-2: Strikes out looking
|
|
Batting: LHB Billy Wood
|
0-0: Swinging Strike 0-1: Fly out, F8 (Line Drive, 8RS, EV 91.9 MPH)
|
| Top of the 8th over - 0 runs, 0 hits, 0 errors, 0 left on base; Milwaukee 1 - Los Angeles 2 |
| BOTTOM OF THE 8TH |
|
Los Angeles Dodgers batting - Pitching for Milwaukee Brewers : RHP Cody Allen
|
|
Pitching: LHP Curt Wilkerson
|
|
|
Batting: RHB Dan Fletcher
|
0-0: Called Strike 0-1: Ball 1-1: Ball 2-1: Ball 3-1: SINGLE (Groundball, 34D, EV 111.3 MPH)
|
|
Batting: LHB Juan Mendoza
|
0-0: Ball 1-0: Swinging Strike 1-1: SINGLE (Line Drive, 6MD, EV 105.0 MPH) Dan Fletcher to second
|
|
Batting: SHB José Rodríguez
|
0-0: Called Strike 0-1: Ball 1-1: Foul Ball, location: 25F 1-2: Foul Ball, location: 2F 1-2: Ball 2-2: Strikes out swinging
|
|
Batting: RHB Nick Castellanos
|
0-0: Foul Ball, location: 9LMF 0-1: Foul Ball, location: 2F 0-2: Ball 1-2: Ball 2-2: Fielders Choice at 2nd, 6-4 (Groundball, 6, EV 83.8 MPH) Dan Fletcher to third
|
|
Batting: SHB Jose Herrera
|
0-0: Foul Ball, location: 2F 0-1: Swinging Strike 0-2: Ball 1-2: Strikes out swinging
|
| Bottom of the 8th over - 0 runs, 2 hits, 0 errors, 2 left on base; Milwaukee 1 - Los Angeles 2 |
| TOP OF THE 9TH |
|
Milwaukee Brewers batting - Pitching for Los Angeles Dodgers : RHP Tyler Kolek
|
|
Pitching: LHP Paco Rodriguez
|
|
|
Batting: RHB Kevin Thompson
|
0-0: Ball 1-0: Called Strike 1-1: Ball 2-1: Foul Ball, location: 9LDF 2-2: Fly out, F8 (Line Drive, 8LS, EV 105.0 MPH)
|
|
Batting: RHB Steve Sanders
|
0-0: Foul Ball, location: 7LMF 0-1: Fly out, F6 (Popup, 15S, EV 90.6 MPH)
|
|
Batting: RHB Tim Campbell
|
0-0: Called Strike 0-1: Swinging Strike 0-2: Ball 1-2: Ball 2-2: Ground out 6-3 (Groundball, 6, EV 61.3 MPH)
|
| Top of the 9th over - 0 runs, 0 hits, 0 errors, 0 left on base; Milwaukee 1 - Los Angeles 2 |
|